 Dungeon Sprint DCSS version 0.31-a0-1074-g0b22e4e0f1 (webtiles) character file.

Game seed: 3407591844714447236

1048 tbh1313 the Bludgeoner (level 8, -1/87 HPs)
             Began as an Ogre Berserker on Nov 28, 2023.
             Was a Priest of Trog.
             Slain by a soul eater (20 damage)
             ... summoned by a kobold demonologist
             ... in the Dungeon (Sprint I: "Red Sonja").
             The game lasted 00:02:25 (360 turns).

tbh1313 the Bludgeoner (Ogre Berserker)              Turns: 360, Time: 00:02:26

Health: -1/87      AC:  3    Str: 24    XL:     8   Next: 25%
Magic:  8/8        EV: 10    Int:  8    God:    Trog [***...]
Gold:   405        SH:  0    Dex:  8    Spells: 7/7 levels left

rFire   . . .        j - +0 giant club
rCold   . . .        (shield currently unavailable)
rNeg    . . .        a - +0 robe
rPois   .            (helmet restricted)
rElec   .            (no cloak)
rCorr   .            (gloves unavailable)
SInv    .            (boots unavailable)
Will    ++...        (no amulet)
Stlth   +            (no ring)
HPRegen 1.34/turn    (no ring)
MPRegen 0.11/turn

%: no teleportation
@: strong-willed, on berserk cooldown, fragile, regenerating, slowed, very slow
A: large, unfitting armour, tough skin 1
a: Renounce Religion, Berserk, Trog's Hand


You were in the Dungeon.
You worshipped Trog.
Trog was most pleased with you.
You visited 1 branch You collected 405 gold pieces.

Inventory:

Hand Weapons
 j - a +0 giant club (weapon)
Armour
 a - a +0 robe (worn)
Wands
 i - a wand of paralysis (11)
Scrolls
 h - a scroll of blinking
 k - a scroll of acquirement {unknown}
Potions
 b - a potion of attraction {unknown}
 c - a potion of curing
 e - 2 potions of haste
 f - 2 potions of magic
 g - a potion of berserk rage


   Skills:
 - Level 7.0 Fighting
 + Level 15.6 Maces & Flails
 - Level 2.6 Dodging


You had 7 spell levels left.
You didn't know any spells.
Your spell library was empty.

Dungeon Overview and Level Annotations

Branches:
Dungeon (1/1)

Altars:
Cheibriados
Dithmenos
Elyvilon
Fedhas
Gozag
Hepliaklqana
Kikubaaqudgha
Makhleb
Nemelex Xobeh
Okawaru
Qazlal
Ru
Sif Muna
Trog
Uskayaw
Vehumet
Wu Jian
Xom
Yredelemnul
Zin
The Shining One
Jiyva
Lugonu

Shops:
D =


Innate Abilities, Weirdness & Mutations

You are too large for most types of armour.
You have tough skin. (AC +1)


Message History

The hellwing hits you! The hellwing hits you.
The kobold demonologist hits you with a +0 dagger.
The kobold demonologist looks encouraged for a moment.
You completely miss the kobold demonologist.
The kobold demonologist is severely wounded.
The iron imp spits at you.
You closely miss the kobold demonologist.
The kobold demonologist is severely wounded.
You are no longer berserk.
You are exhausted.
You feel yourself slow down. The hellwing hits you!
The hellwing barely misses you.
The kobold demonologist hits you but does no damage.
The kobold demonologist barely misses you.
You bludgeon the kobold demonologist!!
You kill the kobold demonologist!
Trog accepts your kill.
Trog appreciates your killing of a magic user.
The quasit disappears in a puff of smoke!
The iron imp disappears in a puff of smoke!
The ufetubus disappears in a puff of smoke!
The hellwing hits you! The hellwing hits you.
The kobold demonologist closely misses you.
Your Maces & Flails skill increases to level 15!
You have reached level 8!
You feel much better. The hellwing barely misses you.
The hellwing hits you but does no damage.
The kobold demonologist mumbles some strange words.
The hellwing hits you. The hellwing hits you!
The kobold demonologist hits you with a +0 dagger.
You barely miss the kobold demonologist.
The hellwing closely misses you. The hellwing hits you!
The kobold demonologist gestures wildly while chanting.
The orange demon barely misses you.
You hit the kobold demonologist but do no damage.
The hellwing hits you. The hellwing hits you!
* * * LOW HITPOINT WARNING * * *
The kobold demonologist barely misses you.
The orange demon completely misses you. The soul eater hits you!
You die...

######################
..)..#..'..#__#4@3...#
).#..'[.#..'..4.K#...#
####'#####'#__#### ..+
###..#...#.#### ##
__####..##.#
_____##'#_.+
_.∩...'..._#
_..__##_.#'#
_____###+#.#


You could see a soul eater (summoned), an orange demon (summoned), a hellwing
(summoned) and a kobold demonologist.

Levels and vault maps discovered:
D:        dungeon_sprint_1 [red_sonja_temple_1, red_sonja_temple_small_1]

Notes
Turn   | Place    | Note
-------+----------+-------------------------------------------
     0 | D        | tbh1313 the Ogre Berserker began the quest for the Orb.
     0 | D        | Reached XP level 1. HP: 24/24 MP: 1/1
     1 | D        | Noticed Ijyb
     2 | D        | Paralysed by Ijyb for 3 turns
    10 | D        | Paralysed by Ijyb for 2 turns
    17 | D        | Killed Ijyb
    18 | D        | Reached skill level 4 in Maces & Flails
    18 | D        | Reached XP level 2. HP: 37/37 MP: 2/2
    18 | D        | Reached XP level 3. HP: 45/45 MP: 3/3
    71 | D        | Noticed an ogre
    76 | D        | Killed an ogre
    77 | D        | Reached skill level 7 in Maces & Flails
    77 | D        | Reached XP level 4. HP: 55/55 MP: 4/4
   130 | D        | Noticed Sigmund
   133 | D        | Killed Sigmund
   133 | D        | Reached ** piety under Trog
   134 | D        | Reached skill level 11 in Maces & Flails
   134 | D        | Reached XP level 5. HP: 62/62 MP: 5/5
   134 | D        | Reached XP level 6. HP: 71/71 MP: 6/6
   183 | D        | Found an ornate altar of the Wu Jian Council.
   183 | D        | Found a shimmering blue altar of Sif Muna.
   185 | D        | Found a radiant altar of Vehumet.
   217 | D        | Found Zameteoh's Jewellery Emporium.
   217 | D        | Found an ancient bone altar of Kikubaaqudgha.
   217 | D        | Found a hazy altar of Hepliaklqana.
   217 | D        | Found a hide-covered altar of Uskayaw.
   217 | D        | Found a basalt altar of Yredelemnul.
   217 | D        | Found an opulent altar of Gozag.
   217 | D        | Found a snail-covered altar of Cheibriados.
   217 | D        | Found a sacrificial altar of Ru.
   217 | D        | Found a shadowy altar of Dithmenos.
   217 | D        | Noticed a yak
   221 | D        | Killed a yak
   222 | D        | Reached skill level 12 in Maces & Flails
   222 | D        | Reached XP level 7. HP: 61/78 MP: 7/7
   222 | D        | Found a stormy altar of Qazlal.
   222 | D        | Found a blossoming altar of Fedhas.
   222 | D        | Found a bloodstained altar of Trog.
   222 | D        | Found an iron altar of Okawaru.
   222 | D        | Found a glowing golden altar of the Shining One.
   222 | D        | Found a glowing silver altar of Zin.
   222 | D        | Found a white marble altar of Elyvilon.
   223 | D        | Found a sparkling altar of Nemelex Xobeh.
   285 | D        | Found a burning altar of Makhleb.
   285 | D        | Found a viscous altar of Jiyva.
   285 | D        | Found a shimmering altar of Xom.
   285 | D        | Found a corrupted altar of Lugonu.
   285 | D        | Noticed a slime creature
   289 | D        | Killed a slime creature
   290 | D        | Reached skill level 13 in Maces & Flails
   341 | D        | Noticed a kobold demonologist
   341 | D        | Noticed a glass eye
   341 | D        | Noticed a kobold demonologist
   343 | D        | Noticed a hellwing
   351 | D        | Killed a glass eye
   351 | D        | Reached *** piety under Trog
   352 | D        | Reached skill level 14 in Maces & Flails
   357 | D        | Killed a kobold demonologist
   358 | D        | Reached skill level 15 in Maces & Flails
   358 | D        | Reached XP level 8. HP: 27/87 MP: 8/8
   359 | D        | Noticed an orange demon
   360 | D        | Noticed a soul eater
   360 | D        | Slain by a soul eater

Table legend: (Time is in decaauts)
 A = Elapsed time spent in this place.
 B = Non-inter-level travel time spent in this place.
 C = Inter-level travel time spent in this place.
 D = Time resting spent in this place.
 E = Time spent auto-exploring this place.
 F = Levels seen in this place.
 G = Mean time per level.
                   A        B        C        D        E       F      G
               +--------+--------+--------+--------+--------+-----+--------+
         Total |    400 |    400 |      0 |    241 |      0 |   1 |  400.0 |
       Dungeon |    400 |    400 |      0 |    241 |      0 |   1 |  400.0 |
               +--------+--------+--------+--------+--------+-----+--------+

Top non-repeatable levels by time:
       D: 400 daAuts

Table legend:
 A = Kills in this place as a percentage of kills in the entire game.
 B = Kills by you in this place as a percentage of kills by you in the entire game.
 C = Kills by friends in this place as a percentage of kills by friends in the entire game.
 D = Other kills in this place as a percentage of other kills in the entire game.
 E = Experience gained in this place as a percentage of experience gained in the entire game.
 F = Experience gained in this place divided by the number of levels of this place that you have seen.
                   A       B       C       D       E      F
               +-------+-------+-------+-------+-------+----------------------
         Total | 100.0 | 100.0 |   N/A |   N/A | 100.0 | 1498.0
       Dungeon | 100.0 | 100.0 |   N/A |   N/A | 100.0 | 1498.0
               +-------+-------+-------+-------+-------+----------------------

Action                     |  1- 3 |  4- 6 |  7- 9 || total
---------------------------+-------+-------+-------++-------
  Melee: Mace              |    14 |       |       ||    14
         Punch             |     1 |       |       ||     1
         Giant club        |       |     7 |    20 ||    27
 Invoke: Berserk           |     2 |     1 |     2 ||     5
         Trog's Hand       |       |       |     1 ||     1
    Use: Potion            |       |       |     1 ||     1
 Armour: Animal skin       |     3 |     1 |       ||     4
         Robe              |       |     2 |    21 ||    23
  Dodge: Dodged            |     6 |     3 |    11 ||    20

Vanquished Creatures
  A kobold demonologist (D)
  A glass eye (D)
  Sigmund (D)
  A slime creature (D)
  A yak (D)
  An ogre (D)
  A jelly (D)
  Ijyb (D)
8 creatures vanquished.
